 Dungeon Crawl Stone Soup version 0.25-a0-786-g5b70d41e48 (webtiles) character file.

Game seed: 11221349273210834244, levelgen mode: deterministic

32 Heliosone the Sneak (level 3, -2/14 HPs)
             Began as a Felid Enchanter on Apr 18, 2020.
             Slain by an adder (4 damage)
             ... on level 1 of the Dungeon.
             The game lasted 00:05:02 (2158 turns).

Heliosone the Sneak (Felid Enchanter)               Turns: 2158, Time: 00:05:02

Health: -2/14      AC:  1    Str:  4    XL:     3   Next: 8%
Magic:  1/7        EV: 18    Int: 17    God:
Gold:   52         SH:  0    Dex: 16    Spells: 3/6 levels left
                                        Lives:  0   Deaths: 0

rFire    . . .     SeeInvis +     - Unarmed
rCold    . . .     Gourm    .   (shield unavailable)
rNeg     . . .     Faith    .   (armour unavailable)
rPois    .         Spirit   .   (helmet unavailable)
rElec    .         Reflect  .   (cloak unavailable)
rCorr    .         Harm     .   (gloves unavailable)
MR       .....                  (boots unavailable)
Stlth    +++.......             (no amulet)
HPRegen  0.04/turn              (no ring)
MPRegen  0.10/turn              (no ring)

@: quick
A: very small, no armour, no weapons or thrown items, stealth, claws 1, fangs 3,
see invisible, carnivore, speed 1, shaggy fur 1, slow metabolism 1, sharp paws
a: no special abilities


You were on level 1 of the Dungeon.
You were not hungry.

You visited 1 branch of the dungeon, and saw 2 of its levels.

You collected 52 gold pieces.

Inventory:

Jewellery
 e - an uncursed ring of flight
Scrolls
 d - a scroll of fear {unknown}
 f - 2 scrolls of random uselessness {unknown}
 g - 2 scrolls of identify {unknown}
 h - a scroll of remove curse {unknown}
Potions
 a - a potion of haste {unknown}
 c - a potion of brilliance {unknown}
Comestibles
 b - 2 rations


   Skills:
 - Level 2.6 Dodging
 + Level 5.1 Stealth
 + Level 2.2 Unarmed Combat
 - Level 2.0 Spellcasting
 - Level 4.4 Hexes


You had 3 spell levels left.
You knew the following spells:

 Your Spells              Type           Power        Failure   Level  Hunger
a - Corona                Hex            ###....      3%          1    #......
b - Ensorcelled Hibernat  Hex/Ice        #.....       12%         2    ###....

Your spell library contained the following spells:

 Spells                   Type           Power        Failure   Level  Hunger
 Confusing Touch          Hex            ###.....     10%         3    ###....
 Tukima's Dance           Hex            ###.....     10%         3    ###....
 Dazzling Flash           Conj/Hex       #.....       24%         3    ###....


Dungeon Overview and Level Annotations

Branches:
Dungeon (2/15)

Altars:


Innate Abilities, Weirdness & Mutations

You cannot wear armour.
You are incapable of wielding weapons or throwing items.
Your paws allow you to move quietly. (Stealth)
You have sharp claws.
You have razor-sharp teeth.
You have supernaturally acute eyesight. (SInv)
You are carnivorous and can eat meat at any time.
You cover ground quickly.
You are covered in fur. (AC +1)
You have a slow metabolism.
Your sharp claws are effective at attacking unaware monsters.


Message History

The adder resists with some effort.
The adder completely misses you. The adder bites you.
There is an open door here.
The adder bites you.
There is an open door here.
The adder misses you.
There is a stone staircase leading up here.
Casting: Ensorcelled Hibernation (safe; 12% risk of failure)
Confirm with . or Enter, or press ? or * to list all spells.
Aiming: Ensorcelled Hibernation (safe; 12% risk of failure)
Press: ? - help, Shift-Dir - straight line, f/p - adder
Aim: an adder (chance to defeat MR: 50%)
The adder resists with some effort.
The adder barely misses you. The adder completely misses you.
The adder bites you.
You climb upwards.
There is a stone staircase leading down here.
The adder bites you.
* * * LOW HITPOINT WARNING * * *
The adder bites you.
You die...

#.#.# ### ####. #.#.#
##.#######. #.#.#
##.#........ #.#.#
#.###....### #...#
###########.#.###.# ##..#
#............## #.# #..#
#.##########.## #.#
#..####.####......#.###.#
#.........@#.###.###.##.###
#.#####.##.S.....# ##......
#.# #.####.#.#.###..###.#
#.# #.# #......#.#.# #.#
#.#####.######.###.##.###.#
#>#.............##.##....##
#.#.##.#######.[##.##..####
#..#.#.#### #..##.##.().(.
#.###.....# #..##.###.####


You could see an adder.

Vanquished Creatures
  An adder (D:2)
  A leopard gecko (D:1)
  A giant cockroach (D:2)
  A goblin (D:1)
  4 hobgoblins (D:1)
  2 kobolds (D:1)
  5 bats (D:1)
  3 frilled lizards
  3 rats (D:1)
21 creatures vanquished.

Notes
Turn   | Place    | Note
-------+----------+-------------------------------------------
     0 | D:1      | Heliosone the Felid Enchanter began the quest for the Orb.
     0 | D:1      | Reached XP level 1. HP: 7/7 MP: 4/4
   627 | D:1      | Reached XP level 2. HP: 5/11 MP: 6/6
   907 | D:1      | Learned a level 2 spell: Ensorcelled Hibernation
  2114 | D:2      | Reached skill level 5 in Stealth
  2114 | D:2      | Reached XP level 3. HP: 14/14 MP: 4/7
  2158 | D:1      | Slain by an adder

Levels and vault maps discovered:
D:1:      mrwooster_arrival_statue, layout_loops_ring
D:2:      minmay_general_purpose_star, layout_basic, marbit_many_paths,
          overflow_temple_1_default, palyth_stone_intersect

Skill      XL: |  1  2 |
---------------+-------+-----
Unarmed Combat | 2 |  2.2
Stealth        | 5 |  5.1
Dodging        | |  2.6
Spellcasting   | |  2.0
Hexes          | |  4.4

Action                   || total
-------------------------++-------
Melee: Unarmed           ||    68
       Bite              ||     5
 Cast: Ensorcelled Hiber ||    17
       Corona            ||     1
 Stab: Sleeping          ||    11
  Eat: Chunk             ||     5
Armor: Skin              ||    15
Dodge: Dodged            ||    98

Table legend:
 A = Non-vault XP
 B = Vault XP
 C = Vault XP percentage of total XP
 D = Non-vault monster count
 E = Vault monster count
 F = Vault count percentage of total count
                 A         B        C        D         E       F
            +---------+---------+-------+---------+---------+-------
      Total |      46 |       0 |   0.0 |      21 |       0 |   0.0
            +---------+---------+-------+---------+---------+-------
        D:1 |      29 |       0 |   0.0 |      18 |       0 |   0.0
        D:2 |      17 |       0 |   0.0 |       3 |       0 |   0.0
            +---------+---------+-------+---------+---------+-------
